 Dungeon Crawl Stone Soup version 0.20.1-1-g8b1a95d (webtiles) character file.

8801 tailblues the Magician (level 10, 0/83 HPs)
             Began as a Demigod Wizard on Nov 4, 2017.
             Slain by a troll (17 damage)
             ... on level 10 of the Dungeon.
             The game lasted 00:46:23 (15760 turns).

tailblues the Magician (Demigod Wizard)            Turns: 15760, Time: 00:46:24

Health: 0/83       AC:  5    Str: 10    XL:     10   Next: 92%
Magic:  15/25      EV: 13    Int: 22    God:
Gold:   626        SH:  8    Dex: 20    Spells: 13/24 levels left

rFire    + . .     SeeInvis +   a - +0 dagger (flame)
rCold    . . .     Gourm    .   N - +3 warlock's mirror {reflect}
rNeg     + . .     Faith    .   w - +0 leather armour
rPois    .         Spirit   .   e - +1 hat
rElec    .         Reflect  +   q - +0 cloak
rCorr    .         Harm     .   (no gloves)
MR       +....                  (no boots)
Stlth    +++.......             (no amulet)
Regen    0.3/turn               u - ring of protection from fire
MPRegen  0.2/turn               s - ring of positive energy

@: no status effects
A: antennae 1, talons 2, see invisible, high mp 1
a: no special abilities


You were on level 10 of the Dungeon.
You were not hungry.

You visited 1 branch of the dungeon, and saw 9 of its levels.
You also visited: Sewer.

You collected 626 gold pieces.

Inventory:

Hand Weapons
 a - a +0 dagger of flaming (weapon)
 b - a +0 hand crossbow of venom
 C - a +0 dagger
 I - a +3 quarterstaff of chaos
 M - a +1 quarterstaff of speed
Missiles
 h - 16 bolts
 B - 75 arrows
Armour
 e - a +1 hat (worn)
 q - a +0 cloak (worn)
 w - a +0 leather armour (worn)
 N - the +3 warlock's mirror (worn) {reflect}
   (You found it on level 10 of the Dungeon)
Magical Staves
 E - an uncursed staff of wizardry
Jewellery
 g - an uncursed ring of stealth
 r - an uncursed amulet of guardian spirit
 s - a ring of positive energy (right hand)
 u - a ring of protection from fire (left hand)
 F - an uncursed ring of flight
 K - an uncursed ring of ice
Wands
 n - a wand of polymorph (10/24)
 p - a wand of iceblast (5/15)
 v - a wand of clouds (2/9)
 x - a wand of disintegration (12/24)
 y - a wand of polymorph (16/24)
Scrolls
 m - 2 scrolls of fog
 t - 2 scrolls of enchant armour
 z - 2 scrolls of remove curse
 D - 2 scrolls of teleportation
 H - 3 scrolls of amnesia
 P - a scroll of enchant weapon {unknown}
 Q - a scroll of magic mapping
Potions
 f - a potion of brilliance
 i - 5 potions of curing
 j - a potion of might
 l - 2 potions of cancellation
 A - a potion of flight
 G - a potion of haste
 L - a potion of mutation
 R - a potion of lignification {unknown}
Books
 c - a book of Minor Magic

   Spells                             Type                      Level
   a - Magic Dart                     Conjuration                  1
   b - Blink                          Translocation                2
   c - Call Imp                       Summoning                    2
   d - Slow                           Hexes                        2
   e - Conjure Flame                  Conjuration/Fire             3
   f - Mephitic Cloud                 Conjuration/Poison/Air       3
 J - a book of Misfortune

   Spells                             Type                      Level
   a - Confusing Touch                Hexes                        1
   b - Confuse                        Hexes                        3
   c - Gell's Gravitas                Translocation                3
   d - Petrify                        Transmutation/Earth          4
   e - Metabolic Englaciation         Hexes/Ice                    5
   f - Yara's Violent Unravelling     Hexes/Transmutation          5
Comestibles
 d - 5 bread rations
 O - 3 chunks of flesh


   Skills:
 + Level 6.2 Fighting
 + Level 1.5 Short Blades
 + Level 6.7 Staves
 + Level 3.0 Crossbows
 + Level 2.0 Armour
 + Level 3.5 Dodging
 + Level 5.9 Stealth
 * Level 1.6 Shields
 + Level 0.1 Unarmed Combat
 * Level 7.6 Spellcasting
 + Level 3.6 Conjurations
 + Level 3.6 Summonings
 + Level 2.1 Translocations
 + Level 1.8 Fire Magic
 + Level 1.9 Air Magic
 + Level 1.7 Poison Magic


You had 13 spell levels left.
You knew the following spells:

 Your Spells              Type           Power        Failure   Level  Hunger
a - Magic Dart            Conj           ###.         3%          1    None
b - Call Imp              Summ           ###.....     4%          2    None
c - Conjure Flame         Conj/Fire      ###.....     14%         3    None
d - Mephitic Cloud        Conj/Pois/Air  ###.....     16%         3    None
B - Blink                 Tloc           N/A          9%          2    None


Dungeon Overview and Level Annotations

Branches:
Dungeon (10/15)              Lair (0/6) D:10
 Temple: D:4-7          Orc: D:9-12

Annotations:
D:10 Snorg


Innate Abilities, Weirdness & Mutations

You have an increased reservoir of magic. (+10% MP)
You have a pair of small antennae on your head.
You have razor-sharp toenails.
You have supernaturally acute eyesight. (SInv)


Message History

a - a +0 dagger of flaming (weapon)
You hit Snorg. You burn Snorg. Your kick misses Snorg.
Snorg is severely wounded.
Snorg is engulfed in blazing flames.
Snorg bites you. Snorg claws you! Snorg misses you.
Snorg is engulfed in blazing flames.
Snorg bites you but does no damage. Snorg claws you! Snorg claws you.
Casting: Conjure Flame
Confirm with . or Enter, or press ? or * to list all spells.
You blink.
Snorg is engulfed in blazing flames.
The troll bites you!
* * * LOW HITPOINT WARNING * * *
The troll barely misses you. The troll claws you.
* * * LOW HITPOINT WARNING * * *
Casting: Blink
Confirm with . or Enter, or press ? or * to list all spells.
You blink.
Snorg rages.
Casting: Blink
Confirm with . or Enter, or press ? or * to list all spells.
You blink.
The troll bites you!
You die...

##########
#)...T...##############
#.######...........[..# #.###
##############.# ###
##.#.#########..........
#...######.(....@§§..............
#...............T######.######...
#...######...._(T######.# #...
##. ##.####(....)....)..# #..> #
#...........§######## #...
##.####.###..# #... #.# #.# ##.#
#... #.####.####.##### ...
#...............#


You could see Snorg (berserk) and a troll.

Vanquished Creatures
  Erica (D:9)
  2 two-headed ogres
  The ghost of yogakurto the Ducker, a novice TrTm of Ru (D:6)
  Joseph (D:9)
  A troll (D:7)
  A spriggan (D:8)
  2 hippogriffs
  3 yaks (D:9)
  A warg (D:10)
  An ice beast (D:10)
  3 sky beasts
  An orc warrior (D:8)
  3 black bears
  A phantom (D:6)
  A wolf (D:10)
  9 ogres
  2 centaurs
  A crocodile (D:9)
  2 big kobolds (D:9)
  5 bullfrogs
  2 scorpions
  6 killer bees
  3 wights (D:9)
  2 howler monkeys
  An electric eel (D:10)
  5 crimson imps
  A quasit (D:7)
  Crazy Yiuf (D:5)
  7 jellies
  2 orc priests
  A centaur skeleton (D:5)
  12 hounds
  8 orc wizards
  A bullfrog skeleton (D:8)
  Ijyb (D:5)
  An iguana (D:6)
  10 worker ants
  A hound zombie (D:5)
  A hound skeleton (D:6)
  A worker ant zombie (D:8)
  7 adders
  5 oozes (Sewer)
  An adder zombie (D:8)
  13 leopard geckos
  44 orcs
  4 ball pythons
  4 bats
  13 giant cockroaches
  4 goblins
  5 hobgoblins
  3 jackals
  8 quokkas
  14 frilled lizards
  A giant cockroach zombie (D:5)
  A jackal zombie (D:7)
  12 kobolds
  A quokka zombie (D:5)
  4 rats
253 creatures vanquished.

Vanquished Creatures (collateral kills)
  Sigmund (D:2)
  A necrophage (D:6)
  2 bullfrogs
  A killer bee (D:8)
  Natasha (thrice) (D:2)
  6 adders
  5 oozes
  An adder skeleton (D:6)
  2 leopard geckos (Sewer)
  2 ball pythons
  7 giant cockroaches
  2 goblins
  2 hobgoblins
  4 jackals
  6 frilled lizards
  3 kobolds
48 creatures vanquished.

Grand Total: 301 creatures vanquished

Notes
Turn   | Place    | Note
-------+----------+-------------------------------------------
     0 | D:1      | tailblues the Demigod Wizard began the quest for the Orb.
     0 | D:1      | Reached XP level 1. HP: 14/14 MP: 6/6
   266 | D:1      | Reached skill level 1 in Conjurations
   431 | D:1      | Reached skill level 3 in Spellcasting
   438 | D:1      | Reached XP level 2. HP: 10/20 MP: 5/8
   442 | D:1      | Learned a level 2 spell: Call Imp
   445 | D:1      | Learned a level 2 spell: Blink
  1613 | D:2      | Noticed Sigmund
  1625 | D:2      | Killed Sigmund
  1625 | D:2      | Reached skill level 1 in Fighting
  1625 | D:2      | Reached skill level 1 in Short Blades
  1625 | D:2      | Reached skill level 1 in Summonings
  1625 | D:2      | Reached skill level 1 in Translocations
  1625 | D:2      | Reached XP level 3. HP: 25/28 MP: 1/10
  1625 | D:2      | Reached XP level 4. HP: 31/35 MP: 1/12
  1757 | D:2      | Learned a level 3 spell: Conjure Flame
  2105 | D:2      | Noticed Natasha
  2115 | D:2      | Killed Natasha
  2325 | D:2      | Found a bloodstained altar of Trog.
  2401 | D:2      | Reached XP level 5. HP: 34/40 MP: 13/13
  2437 | D:2      | Noticed Natasha
  2462 | D:2      | Killed Natasha
  2849 | D:2      | Noticed Natasha
  2862 | D:2      | Killed Natasha
  3141 | D:3      | Learned a level 3 spell: Mephitic Cloud
  4126 | D:3      | You fall through a shaft for 2 floors!
  4126 | D:5      | Entered Level 5 of the Dungeon
  4212 | D:5      | Found a runed door.
  4216 | D:5      | Noticed Crazy Yiuf
  4226 | D:5      | Killed Crazy Yiuf
  4226 | D:5      | Reached skill level 4 in Spellcasting
  4585 | D:5      | Reached XP level 6. HP: 48/48 MP: 11/15
  4730 | D:5      | Reached skill level 1 in Staves
  5183 | D:5      | Reached XP level 7. HP: 56/56 MP: 16/16
  5192 | D:5      | Noticed Ijyb
  5212 | D:5      | Killed Ijyb
  5917 | D:6      | Found a glowing drain.
  5926 | Sewer    | Entered a sewer
  6836 | D:6      | Reached XP level 8. HP: 66/66 MP: 12/18
  6972 | D:6      | Noticed yogakurto's ghost (novice TrTm)
  7874 | D:6      | Reached skill level 5 in Spellcasting
  7876 | D:6      | Killed yogakurto's ghost
  8615 | D:7      | Noticed a hippogriff
  8623 | D:7      | Killed a hippogriff
  8623 | D:7      | Reached skill level 1 in Air Magic
  8623 | D:7      | Reached XP level 9. HP: 68/73 MP: 13/21
  8753 | D:7      | Reached skill level 5 in Fighting
  9034 | D:7      | Reached skill level 5 in Staves
  9671 | D:7      | Reached skill level 1 in Poison Magic
  9817 | D:7      | Reached skill level 6 in Spellcasting
 10432 | D:8      | Reached skill level 5 in Stealth
 10672 | D:8      | Got a shimmering chain mail
 10741 | D:8      | Identified the +3 chain mail of the Sky {Regen+ Str+4} (You found it on level 8 of the Dungeon)
 11963 | D:9      | Reached skill level 1 in Fire Magic
 11965 | D:9      | Reached skill level 1 in Crossbows
 11969 | D:9      | Reached XP level 10. HP: 81/81 MP: 13/23
 12192 | D:9      | Noticed Joseph
 12215 | D:9      | Killed Joseph
 12490 | D:9      | Reached skill level 1 in Armour
 13277 | D:9      | Noticed Erica
 13293 | D:9      | Killed Erica
 13367 | D:9      | Reached skill level 7 in Spellcasting
 14008 | D:9      | Gained mutation: You have a pair of small antennae on your head. [mutagenic meat]
 14009 | D:9      | Gained mutation: You have sharp toenails. [mutagenic meat]
 14010 | D:9      | Gained mutation: You have razor-sharp toenails. [mutagenic meat]
 14011 | D:9      | Gained mutation: You have supernaturally acute eyesight. (SInv) [mutagenic meat]
 14128 | D:9      | Noticed a two-headed ogre
 14153 | D:9      | Killed a two-headed ogre
 14394 | D:10     | Entered Level 10 of the Dungeon
 14781 | D:10     | Noticed Snorg
 14922 | D:10     | Found an iron altar of Okawaru.
 14924 | D:10     | Noticed a two-headed ogre
 14942 | D:10     | Killed a two-headed ogre
 15013 | D:10     | Reached skill level 1 in Shields
 15670 | D:10     | Found a staircase to the Lair.
 15760 | D:10     | Slain by a troll

Skill      XL: |  1  2  3  4  5  6  7  8  9 10 |
---------------+-------------------------------+-----
Conjurations   | 1 2 3 |  3.6
Spellcasting   | 3 4 5 6 7 |  7.6
Dodging        | 2 3 |  3.5
Fighting       | 1 2 3 4 5 6 |  6.2
Short Blades   | 1 |  1.5
Stealth        | 2 3 4 5 |  5.9
Summonings     | 1 2 3 |  3.6
Translocations | 1 2 |  2.1
Staves         | 2 3 4 5 6 |  6.7
Air Magic      | 1 |  1.9
Poison Magic   | 1 |  1.7
Fire Magic     | 1 |  1.8
Crossbows      | 1 3 |  3.0
Armour         | 2 |  2.0
Shields        | 1 |  1.6
Unarmed Combat | |  0.1

Action                   |  1- 3 |  4- 6 |  7- 9 | 10-12 || total
-------------------------+-------+-------+-------+-------++-------
Melee: Dagger            |    70 |    99 |    16 |    73 ||   258
       Unarmed           |     7 |       |       |       ||     7
       Quarterstaff      |       |    47 |   325 |   116 ||   488
       Kick              |       |       |       |    29 ||    29
 Fire: Hand crossbow     |       |       |    19 |    75 ||    94
 Cast: Magic Dart        |    37 |     6 |    35 |    24 ||   102
       Call Imp          |    12 |    46 |    41 |     6 ||   105
       Blink             |     1 |     1 |    12 |    16 ||    30
       Mephitic Cloud    |       |     7 |    22 |    18 ||    47
       Conjure Flame     |       |     1 |    20 |    26 ||    47
  Use: Scroll            |     3 |     8 |     7 |     5 ||    23
       Potion            |       |       |       |     1 ||     1
 Stab: Sleeping          |     3 |    10 |     6 |     3 ||    22
       Confused          |       |     3 |    21 |     6 ||    30
       Paralysed         |       |     2 |     1 |       ||     3
       Distracted        |       |       |     2 |     1 ||     3
       Petrifying        |       |       |     2 |       ||     2
       Petrified         |       |       |     2 |       ||     2
  Eat: Chunk             |     3 |     8 |    17 |    11 ||    39
       Bread ration      |       |     1 |     1 |     1 ||     3
       Royal jelly       |       |       |     1 |       ||     1
Armor: Robe              |    27 |    22 |    57 |       ||   106
       Leather armour    |       |       |     3 |    45 ||    48
Dodge: Dodged            |   102 |    95 |   218 |   108 ||   523
Block: Buckler           |       |       |       |    41 ||    41
